 Dungeon Crawl Stone Soup version 0.22-b1-21-g5cfc1688f2 (webtiles) character file.

3315 Jorund the Cleaver (level 10, -2/51 HPs)
             Began as a Vine Stalker Fighter on Aug 8, 2018.
             Was a Believer of Okawaru.
             Slain by Joseph
             ... wielding a +2 quarterstaff of protection
              (6 damage)
             ... on level 8 of the Dungeon.
             The game lasted 00:12:30 (5717 turns).

Jorund the Cleaver (Vine Stalker Fighter)           Turns: 5717, Time: 00:12:32

Health: -2/51      AC:  9    Str: 26    XL:     10   Next: 1%
Magic:  0/11       EV: 15    Int:  9    God:    Okawaru [**....]
Gold:   624        SH:  0    Dex: 18    Spells: 9/9 levels left

rFire    . . .     SeeInvis .   a - +1 war axe
rCold    . . .     Gourm    .   (no shield)
rNeg     . . .     Faith    .   b - +0 scale mail
rPois    .         Spirit   +   (no helmet)
rElec    .         Reflect  .   e - +1 cloak
rCorr    .         Harm     .   (no gloves)
MR       ++...                  (no boots)
Stlth    +.........             q - amulet of regeneration
HPRegen  0.97/turn              m - +4 ring of strength
MPRegen  0.12/turn              d - ring of protection from magic

@: agile
A: fangs 3, regeneration 1, magic shield, antimagic bite, no potion heal 3, rot
immunity
a: Heroism, Renounce Religion


You were on level 8 of the Dungeon.
You worshipped Okawaru.
Okawaru was pleased with you.
You were not hungry.

You visited 2 branches of the dungeon, and saw 9 of its levels.

You collected 624 gold pieces.

Inventory:

Hand Weapons
 a - a +1 war axe (weapon)
Missiles
 F - 6 curare-tipped needles
Armour
 b - a +0 scale mail (worn)
 c - a +0 shield
 e - a +1 cloak (worn)
 n - a +0 chain mail
Jewellery
 d - a ring of protection from magic (right hand)
 k - an uncursed amulet of faith
 m - a +4 ring of strength (left hand)
 q - an amulet of regeneration (around neck)
 w - an uncursed ring of wizardry
Wands
 v - a wand of iceblast (2)
Scrolls
 h - 4 scrolls of teleportation
 i - 2 scrolls of immolation
 j - 5 scrolls of amnesia
 l - 2 scrolls of remove curse
 r - a scroll of enchant weapon
 u - 6 scrolls of magic mapping
 x - 4 scrolls of identify
 y - 3 scrolls of fog
Potions
 g - 2 potions of heal wounds
 o - 3 potions of curing
 p - 3 potions of magic {unknown}
 s - a potion of agility
 t - a potion of resistance {unknown}
 A - a potion of brilliance {unknown}
 B - a potion of lignification {unknown}
Comestibles
 f - 12 rations
 z - a chunk of flesh


   Skills:
 + Level 5.4 Fighting
 * Level 10.5 Axes
 + Level 5.3 Armour
 - Level 2.6 Shields
 - Level 0.1 Evocations


You had 9 spell levels left.
You didn't know any spells.
Your spell library contained the following spells:

 Spells                   Type           Power        Failure   Level  Hunger
 Magic Dart               Conj           #...         65%         1    ##.....
 Apportation              Tloc           #.....       65%         1    ##.....
 Summon Small Mammal      Summ           #...         65%         1    ##.....
 Iskenderun's Mystic Bla  Conj           #.......     100%        4    #####..
 Animate Skeleton         Necr           N/A          65%         1    ##.....
 Confusing Touch          Hex            #.....       65%         1    ##.....
 Fulminant Prism          Conj/Hex       #.........   100%        4    #####..
 Dazzling Spray           Conj/Hex       #.....       95%         3    ####...
 Force Lance              Conj/Tloc      #.......     100%        4    #####..
 Searing Ray              Conj           #.....       78%         2    ###....


Dungeon Overview and Level Annotations

Branches:
Dungeon (8/15)             Temple (1/1) D:5
   Lair: D:8-11

Altars:
Ashenzari
Cheibriados
Dithmenos
Elyvilon
Fedhas
Gozag
Hepliaklqana
Kikubaaqudgha
Makhleb
Nemelex Xobeh
Okawaru
Qazlal
Ru
Sif Muna
Trog
Uskayaw
Vehumet
Wu Jian
Xom
Yredelemnul
Zin
The Shining One

Shops:
D:7 %

Annotations:
D:8 exclusion: oklob plant, Gastronok, Joseph


Innate Abilities, Weirdness & Mutations

You have razor-sharp teeth.
Your natural rate of healing is unusually fast.
When hurt, damage is shared between your health and your magic reserves.
Your bite disrupts and absorbs the magic of your enemies.
Potions cannot restore your health.
You are immune to rotting.


Message History

Joseph is almost dead.
Joseph closely misses you. The orc warrior misses you.
Unknown command.
You completely miss Joseph. Your bite misses Joseph.
Joseph is almost dead.
Joseph hits you with an uncursed quarterstaff of protection!
* * * LOW HITPOINT WARNING * * *
You barely miss Joseph. You bite Joseph, but do no damage.
Joseph is almost dead.
The orc warrior hits you from afar with a trident.
* * * LOW HITPOINT WARNING * * *
Joseph hits you with an uncursed quarterstaff of protection.
* * * LOW HITPOINT WARNING * * *
You hit Joseph but do no damage. You bite Joseph. You drain his power.
You feel invigorated.
Joseph is almost dead.
The orc warrior hits you from afar with a trident.
* * * LOW HITPOINT WARNING * * *
Joseph hits you with an uncursed quarterstaff of protection!
You die...

######## .......# .......#
####### .......# ##.[...##.
.......# ##.........
.......#######..........
...).......(............
..............(.........
.......#######<)@.......
.......#######o..@......
.......##......................##
####...).....##...)..............
.........#.....#.....##. .......
######...###.#...##### #.....#
#......)...#.###.#########.....#
..#####.##.#.###.##...##.......#
............................w..#


You could see Joseph and an orc warrior.

Vanquished Creatures
  A two-headed ogre (D:8)
  Sigmund (D:5)
  Menkaure (D:7)
  Duvessa (D:6)
  2 ice beasts
  2 ogres
  A phantom (D:4)
  A crocodile (D:7)
  A big kobold (D:7)
  5 bullfrogs
  2 scorpions
  Dowan (D:6)
  4 howler monkeys
  5 crimson imps
  4 hounds
  2 bullfrog skeletons (D:7)
  A jelly (D:4)
  A centaur skeleton (D:4)
  5 worker ants
  7 iguanas
  6 orc wizards
  A killer bee zombie (D:8)
  A hound zombie (D:5)
  A hound skeleton (D:5)
  A howler monkey zombie (D:5)
  6 adders
  A shadow imp (D:5)
  2 oozes
  3 adder zombies (D:8)
  A worm (D:4)
  A dart slug (D:1)
  10 leopard geckos
  4 orcs
  7 bats
  5 giant cockroaches
  7 goblins
  3 hobgoblins
  2 jackals
  13 kobolds
  3 quokkas
  5 frilled lizards
  A leopard gecko skeleton (D:7)
  4 rats
136 creatures vanquished.

Notes
Turn   | Place    | Note
-------+----------+-------------------------------------------
     0 | D:1      | Jorund the Vine Stalker Fighter began the quest for the Orb.
     0 | D:1      | Reached XP level 1. HP: 11/11 MP: 2/2
    31 | D:1      | Reached skill level 2 in Axes
    31 | D:1      | Reached XP level 2. HP: 11/16 MP: 3/3
   654 | D:1      | Reached XP level 3. HP: 20/20 MP: 4/4
  1068 | D:2      | Found an ornate altar of the Wu Jian Council.
  1080 | D:2      | Found a hazy altar of Hepliaklqana.
  1083 | D:2      | Found a sacrificial altar of Ru.
  1086 | D:2      | Found a hide-covered altar of Uskayaw.
  1092 | D:2      | Reached skill level 3 in Axes
  1092 | D:2      | Gained mutation: Your natural rate of healing is unusually fast. [Vine Stalker growth]
  1092 | D:2      | Reached XP level 4. HP: 22/24 MP: 5/5
  1192 | D:2      | Found a white marble altar of Elyvilon.
  1251 | D:2      | Found a basalt altar of Yredelemnul.
  1464 | D:2      | Found a burning altar of Makhleb.
  1464 | D:2      | Noticed a green death
  2193 | D:3      | Reached XP level 5. HP: 18/28 MP: 1/6
  2546 | D:4      | Reached skill level 4 in Axes
  2721 | D:4      | Noticed a phantom
  2740 | D:4      | Killed a phantom
  2740 | D:4      | Reached XP level 6. HP: 25/32 MP: 4/7
  2939 | D:4      | Reached skill level 5 in Axes
  3386 | D:5      | Entered Level 5 of the Dungeon
  3410 | D:5      | Reached XP level 7. HP: 36/37 MP: 8/8
  3444 | D:5      | Found a staircase to the Ecumenical Temple.
  3533 | Temple   | Entered the Ecumenical Temple
  3636 | D:4      | Reached skill level 6 in Axes
  3824 | D:5      | Noticed Sigmund
  3827 | D:5      | Killed Sigmund
  3827 | D:5      | Reached skill level 7 in Axes
  3827 | D:5      | Gained mutation: You have razor-sharp teeth. [Vine Stalker growth]
  3827 | D:5      | Reached XP level 8. HP: 42/42 MP: 9/9
  3860 | D:5      | Found a shimmering altar of Xom.
  4201 | D:6      | Noticed Dowan
  4208 | D:6      | Killed Dowan
  4379 | D:6      | Noticed Duvessa
  4391 | D:6      | Killed Duvessa
  4442 | D:6      | Reached skill level 8 in Axes
  4622 | D:7      | Found an iron altar of Okawaru.
  4685 | D:7      | Reached XP level 9. HP: 37/46 MP: 6/10
  4691 | D:7      | Became a worshipper of Warmaster Okawaru
  4778 | D:7      | Reached skill level 9 in Axes
  4787 | D:7      | Noticed Menkaure
  4799 | D:7      | Killed Menkaure
  4919 | D:7      | Reached * piety under Okawaru
  5197 | D:7      | Found Vuast's Food Boutique.
  5262 | D:8      | Noticed a two-headed ogre
  5271 | D:7      | Reached skill level 5 in Fighting
  5335 | D:8      | Killed a two-headed ogre
  5335 | D:8      | Reached skill level 10 in Axes
  5335 | D:8      | Reached skill level 5 in Armour
  5356 | D:8      | Reached ** piety under Okawaru
  5369 | D:8      | Noticed Gastronok
  5425 | D:8      | Reached XP level 10. HP: 51/51 MP: 11/11
  5491 | D:8      | Found a blossoming altar of Fedhas.
  5507 | D:8      | Noticed an oklob plant
  5656 | D:8      | Noticed Joseph
  5717 | D:8      | Slain by Joseph

Skill      XL: |  1  2  3  4  5  6  7  8  9 |
---------------+----------------------------+-----
Axes           | 2 3 4 5 7 8 10 | 10.5
Fighting       | 3 4 5 |  5.4
Armour         | 3 4 5 |  5.3
Shields        | |  2.6
Evocations     | |  0.1

Action                   |  1- 3 |  4- 6 |  7- 9 | 10-12 || total
-------------------------+-------+-------+-------+-------++-------
Melee: War axe           |    69 |    97 |   255 |    34 ||   455
       Bite              |    12 |    26 |    86 |    13 ||   137
Evoke: Wand              |       |       |     8 |     1 ||     9
  Use: Scroll            |       |       |    16 |     1 ||    17
       Potion            |       |       |     2 |     1 ||     3
  Eat: Chunk             |       |     7 |     8 |     1 ||    16
Armor: Scale mail        |    38 |    38 |   101 |     9 ||   186
Dodge: Dodged            |    31 |    48 |   123 |    29 ||   231
